 Seeded DCSS version 0.29.1-14-g9c671dbff4 (webtiles) character file.

Game seed: 20230211 (custom seed)

200 ueste the Caller (level 5, -1/35 HPs)
             Began as a Merfolk Summoner on Feb 15, 2023.
             Was an Initiate of Hepliaklqana.
             Killed from afar by an orc wizard (4 damage)
             ... with a magic dart
             ... on level 3 of the Dungeon on Feb 16, 2023.
             The game lasted 00:41:09 (5306 turns).

ueste the Caller (Merfolk Summoner)                 Turns: 5306, Time: 00:41:10

Health: -1/35      AC:  3    Str:  8    XL:     5   Next: 79%
Magic:  1/9        EV: 13    Int: 22    God:    Hepliaklqana [......]
Gold:   154        SH:  0    Dex: 15    Spells: 2/10 levels left

rFire   . . .      SeeInvis .   r - +2 short sword (drain)
rCold   . . .      Faith    .   (no shield)
rNeg    . . .      Spirit   .   a - +0 robe
rPois   .          Reflect  .   (no helmet)
rElec   .          Harm     .   o - scarf {repulsion}
rCorr   .          Rampage  .   h - +0 pair of gloves
Will    .....                   (no boots)
Stlth   ++........              (no amulet)
HPRegen 0.11/turn               t - +6 ring of intelligence
MPRegen 0.11/turn               (no ring)

@: repel missiles
A: (nimble swimmer 2), mertail
a: Renounce Religion


You were on level 3 of the Dungeon.
You worshipped Hepliaklqana.
Hepliaklqana was noncommittal.
You visited 2 branches of the dungeon, and saw 5 of its levels.
You also visited: Sewer.

You collected 154 gold pieces.

Inventory:

Hand Weapons
 d - a +0 dagger
 r - a +2 short sword of draining (weapon)
Missiles
 k - 48 stones
 u - 5 silver javelins (quivered)
 x - 24 poisoned darts
Armour
 a - a +0 robe (worn)
 h - a +0 pair of gloves (worn)
 o - a scarf of repulsion (worn)
Jewellery
 t - a +6 ring of intelligence (left hand)
Scrolls
 i - 3 scrolls of enchant armour
 l - a scroll of teleportation
 m - a scroll of acquirement
 n - 2 scrolls of noise
 y - a scroll of vulnerability {unknown}
 A - a scroll of silence {unknown}
 C - a scroll of immolation {unknown}
Potions
 b - 2 potions of magic
 c - a potion of brilliance {unknown}
 e - a potion of berserk rage
 f - a potion of haste
 g - a potion of curing
 j - a potion of heal wounds {unknown}
 p - a potion of mutation {unknown}
 q - a potion of might {unknown}
 s - a potion of flight
 v - a potion of lignification {unknown}
 z - a potion of resistance
 B - a potion of attraction {unknown}


   Skills:
 + Level 1.2 Short Blades
 + Level 0.8 Armour
 + Level 3.9 Dodging
 + Level 3.5 Stealth
 * Level 3.2 Spellcasting
 * Level 4.8 Summonings


You had 2 spell levels left.
You knew the following spells:

 Your Spells              Type           Power      Damage    Failure   Level
a - Summon Small Mammal   Summ           96%        N/A       1%          1
b - Call Imp              Summ           24%        N/A       2%          2
c - Blink                 Tloc           6%         N/A       19%         2
d - Call Canine Familiar  Summ           24%        N/A       4%          3

Your spell library contained the following spells:

 Spells                   Type           Power      Damage    Failure   Level
 Beastly Appendage        Tmut           6%         N/A       12%         1
 Wereblood                Tmut           3%         N/A       19%         2
 Summon Guardian Golem    Hex/Summ       14%        N/A       14%         3
 Spider Form              Tmut/Pois      3%         N/A       36%         3
 Summon Lightning Spire   Summ/Air       14%        N/A       41%         4
 Manifold Assault         Tloc           3%         N/A       98%         5
 Storm Form               Tmut/Air       1%         N/A       100%        7


Dungeon Overview and Level Annotations

Branches:
Dungeon (4/15)             Temple (1/1) D:4           Sewer (visited)

Altars:
Ashenzari
Cheibriados
Dithmenos
Elyvilon
Fedhas
Gozag
Hepliaklqana
Kikubaaqudgha
Makhleb
Nemelex Xobeh
Okawaru
Qazlal
Ru
Sif Muna
Uskayaw
Vehumet
Wu Jian
Yredelemnul
Zin

Shops:
D:1 [


Innate Abilities, Weirdness & Mutations

((You are very nimble when in or above water. (Stealth+, EV+, Speed+++)))
Your lower body shifts to a powerful aquatic tail in water.


Message History

Confirm with . or Enter, or press ? or * to list all spells.
Something hits you but does no damage.
Deactivating autopickup; reactivate with Ctrl-A.
The orc wizard hits you with a +0 dagger.
Casting: Call Canine Familiar (dangerous; 4% risk of failure)
Confirm with . or Enter, or press ? or * to list all spells.
You don't have enough magic to cast this spell.
Casting: Call Canine Familiar (dangerous; 4% risk of failure)
Confirm with . or Enter, or press ? or * to list all spells.
Something hits you. The orc barely misses your quokka.
The orc hits you with a +0 hand axe.
* * * LOW HITPOINT WARNING * * *
The orc wizard hits you with a +0 dagger.
* * * LOW HITPOINT WARNING * * *
Your hound barely misses something.
You hit the orc.
You kill the orc!
Your hound barely misses something.
The orc wizard hits you with a +0 dagger.
* * * LOW HITPOINT WARNING * * *
You hear some strange, mumbled words.
A puff of flame appears from out of thin air!
The puff of flame is repelled.
Your hound bites something.
Casting: Summon Small Mammal (safe; 1% risk of failure)
Confirm with . or Enter, or press ? or * to list all spells.
Okay, then.
Blink to where?
Press: ? - help, Dir - move target
As you read the scroll of blinking, it crumbles to dust.
The orc wizard gestures at you while chanting.
The magic dart hits you.
* * * LOW HITPOINT WARNING * * *
Your hound bites something.
Your quokka barely misses the orc wizard.
Your hound bites something.
Reactivating autopickup.
You feel a bit more experienced.
The orc wizard points at you and mumbles some strange words.
The magic dart hits you.
You die...

#..........#
##########<#
#........#.#
#.....<....#
#.#....[....##
#..........##
#........#
#####.####
#@######
#......#
##.....#
######.....#
...........#
######.....#
#.)...#
#h.ro.#
#..ยง..#


You could see an orc wizard (ally target), a friendly hound (summoned) and a
friendly quokka (summoned).

Vanquished Creatures
  An adder (D:4)
  An orc (D:3)
  3 bats
  3 endoplasms
  2 giant cockroaches (D:1)
  A hobgoblin (D:1)
  A goblin (D:4)
  A rat (Sewer)
13 creatures vanquished.

Vanquished Creatures (collateral kills)
  A kobold brigand (Sewer)
  An orc wizard (D:3)
  4 adders
  A river rat (Sewer)
  An ufetubus (D:4)
  2 worms (D:4)
  An orc (D:4)
  2 bats (D:1)
  6 endoplasms
  6 hobgoblins
  14 kobolds
  8 ball pythons
  3 frilled lizards
  6 goblins
  4 rats
60 creatures vanquished.

Vanquished Creatures (others)
  2 plants (D:2)
2 creatures vanquished.

Grand Total: 75 creatures vanquished

Notes
Turn   | Place    | Note
-------+----------+-------------------------------------------
     0 | D:1      | ueste the Merfolk Summoner began the quest for the Orb.
     0 | D:1      | Reached XP level 1. HP: 13/13 MP: 3/3
   306 | D:1      | Found a faded altar of an unknown god.
   377 | D:1      | Reached XP level 2. HP: 19/19 MP: 1/5
   949 | D:1      | Learned a level 2 spell: Call Imp
  1080 | D:1      | Reached XP level 3. HP: 24/24 MP: 1/6
  1343 | D:1      | Found Zoqeb's Antique Armour Boutique.
  2853 | D:2      | Identified a scroll of acquirement
  3097 | D:2      | Reached XP level 4. HP: 17/30 MP: 3/7
  3221 | D:2      | Learned a level 2 spell: Blink
  3225 | D:2      | Learned a level 3 spell: Call Canine Familiar
  3289 | D:4      | Found a staircase to the Ecumenical Temple.
  3295 | Temple   | Entered the Ecumenical Temple
  3295 | Temple   | Found a transporter.
  3295 | Temple   | Found a transporter.
  3297 | Temple   | Found a transporter.
  3297 | Temple   | Found a transporter.
  3315 | Temple   | Became a worshipper of Hepliaklqana the Forgotten
  3401 | D:4      | Found a glowing drain.
  3429 | Sewer    | Entered a sewer
  3993 | Sewer    | Reached XP level 5. HP: 35/35 MP: 2/9
  4188 | Sewer    | Noticed a kobold brigand
  4603 | Sewer    | Killed a kobold brigand
  4604 | Sewer    | Reached skill level 1 in Short Blades
  5306 | D:3      | Killed from afar by an orc wizard

Illustrated notes

Levels and vault maps discovered:
D:1:      reono_arrival_mine, layout_basic, basic_ecumenical_altar,
          serial_shops, nicolae_lakefront_shop, minmay_split_cup_large
D:2:      layout_rooms, serial_bayou_lagoon_a, minmay_tall_x
D:3:      layout_rooms, amethyst_killhole, uniq_grinder, uniq_sigmund
D:4:      layout_cave_pools, temple_doors_e, cheibrodos_sewer_entry_bend
Temple:   hellmonk_temple_divided_pantheon

Skill      XL: |  1  2  3  4  5 |
---------------+----------------+-----
Dodging        | 3 |  3.9
Stealth        | 3 |  3.5
Short Blades   | 1 |  1.2
Spellcasting   | 3 |  3.2
Armour         | |  0.8
Summonings     | |  4.8

Action                   |  1- 3 |  4- 6 || total
-------------------------+-------+-------++-------
Melee: Unarmed           |    17 |       ||    17
       Dagger            |    34 |       ||    34
       Short sword       |     5 |    12 ||    17
       Tailslap          |     1 |       ||     1
 Cast: Summon Small Mamm |    67 |    38 ||   105
       Call Imp          |    17 |    17 ||    34
       Call Canine Famil |       |    15 ||    15
  Use: Scroll            |     4 |     4 ||     8
       Potion            |       |     6 ||     6
Armor: Robe              |    23 |     6 ||    29
Dodge: Dodged            |    48 |    17 ||    65
       Repelled          |       |     1 ||     1
